 Dungeon Crawl Stone Soup version 0.29.1-13-g9f3cf754e1 (webtiles) character file.

Game seed: 8982270627211518550

36 growler the Insei (level 3, -2/23 HPs)
             Began as an Octopode Transmuter on Jan 20, 2023.
             Killed by nerve-wracking pain
             ... invoked by Jessica
              (12 damage)
             ... on level 2 of the Dungeon.
             The game lasted 00:03:04 (849 turns).

growler the Insei (Octopode Transmuter)              Turns: 849, Time: 00:03:05

Health: -2/23      AC:  1    Str: 11    XL:     3   Next: 37%
Magic:  6/6        EV: 13    Int: 15    God:
Gold:   56         SH:  0    Dex: 12    Spells: 5/6 levels left

rFire   . . .      SeeInvis .     - Unarmed
rCold   . . .      Faith    .   (no shield)
rNeg    . . .      Spirit   .   (helmet restricted)
rPois   .          Reflect  .   (no amulet)
rElec   .          Harm     .   (no ring)
rCorr   .          Rampage  .   (no ring)
Will    .....                   (no ring)
Stlth   +++.......              (no ring)
HPRegen 0.07/turn               (no ring)
MPRegen 0.10/turn               (no ring)
                                (no ring)
                                (no ring)

@: no status effects
A: almost no armour, amphibious, 8 rings, camouflage 1, gelatinous body 1,
nimble swimmer 1, tentacles
a: no special abilities


You were on level 2 of the Dungeon.
You visited 1 branch of the dungeon, and saw 2 of its levels.

You collected 56 gold pieces.

Inventory:

Wands
 j - a wand of roots (9)
Scrolls
 d - a scroll of identify {unknown}
 e - a scroll of teleportation {unknown}
 h - a scroll of enchant armour {unknown}
Potions
 a - 3 potions of lignification
 b - a potion of flight {unknown}
 c - a potion of might {unknown}
 f - a potion of invisibility {unknown}
 g - a potion of degeneration {unknown}
 i - a potion of heal wounds {unknown}


   Skills:
 - Level 1.0 Fighting
 - Level 2.0 Dodging
 * Level 3.7 Unarmed Combat
 + Level 2.4 Spellcasting
 + Level 2.4 Transmutations


You had 5 spell levels left.
You knew the following spells:

 Your Spells              Type           Power      Damage    Failure   Level
a - Beastly Appendage     Tmut           18%        N/A       8%          1

Your spell library contained the following spells:

 Spells                   Type           Power      Damage    Failure   Level
 Wereblood                Tmut           9%         N/A       12%         2
 Spider Form              Tmut/Pois      5%         N/A       36%         3
 Ice Form                 Ice/Tmut       5%         N/A       77%         4


Dungeon Overview and Level Annotations

Branches:
Dungeon (2/15)

Altars:

Annotations:
D:2 Jessica, Natasha


Innate Abilities, Weirdness & Mutations

You cannot wear most types of armour.
You are amphibious.
You can wear up to eight rings at the same time.
Your skin changes colour to match your surroundings (Stealth+).
Your rubbery body absorbs attacks. (AC +1, EV +1)
You are camouflaged when in or above water. (Stealth+)
You have tentacles for arms and can constrict up to eight enemies at once.


Message History

You tentacle-slap the jackal. Your grab misses the jackal.
Your tentacle spike misses the jackal.
Your squeeze misses the jackal.
The jackal is severely wounded.
The jackal bites you.
You completely miss the jackal. Your grab misses the jackal.
The jackal is severely wounded.
The jackal barely misses you.
You tentacle-slap the jackal but do no damage.
Your grab misses the jackal. Your squeeze misses the jackal.
Your transformation is almost over.
The jackal closely misses you.
You closely miss the jackal. You grab the jackal.
You pierce the jackal.
The jackal is almost dead.
You constrict the jackal.
You kill the jackal!
You completely miss the jackal. You grab the jackal.
Your tentacle spike misses the jackal.
You squeeze the jackal.
The jackal is almost dead.
You constrict the jackal, but do no damage.
The jackal barely misses you. The jackal closely misses you.
You tentacle-slap the jackal.
You kill the jackal!
You closely miss the frilled lizard. Your grab misses the frilled lizard.
The frilled lizard closely misses you. The goblin hits you with a +0 dagger.
Jessica casts a spell.
Jessica seems to speed up.
You tentacle-slap the goblin.
You kill the goblin!
The frilled lizard closely misses you.
Things that are here:
a +0 dagger; a +0 long sword; a goblin corpse Your tentacle spike disappears.
Jessica points at you and mumbles some strange words.
Pain shoots through your body!
The frilled lizard attacks as you move away!
The frilled lizard closely misses you. Jessica gestures at you while chanting.
Pain shoots through your body!
Ouch! That really hurt!
You die...

#. ...## ##.##...### ##
.........
##.#####.#...#####
##.#.....#.#.......
#.#~.....~...#
.#.~~...†.~#)## #
#.#[.~.~~~.l.@#.##### .##
##.#~~~~≈≈.@...#@#~~P##..
#......≈_.≈....#..~~P~.###
#..#~~~~≈≈.~...#.#.~~P....
#..#..~.~~~.~..#.#J♣~~.# .P
...#.~~...~.~#....~~.## ##.
#.#.#~.....~.....P~♣.~###PP
#.##.#.....#.####.P≈~PPP#~~
#.....#####..#


#.P≈♣PPPJP~ ##.###.......# #PP♣≈~PPP~♣ You could see Jessica (fast) and a
frilled lizard.

Vanquished Creatures
  An adder (D:2)
  2 bats (D:1)
  3 endoplasms
  A giant cockroach (D:1)
  2 goblins
  5 hobgoblins (D:1)
  3 jackals (D:2)
  A quokka (D:1)
  A frilled lizard (D:2)
  2 kobolds (D:2)
  A rat (D:1)
22 creatures vanquished.

Vanquished Creatures (others)
  27 plants (D:2)
27 creatures vanquished.

Grand Total: 49 creatures vanquished

Notes
Turn   | Place    | Note
-------+----------+-------------------------------------------
     0 | D:1      | growler the Octopode Transmuter began the quest for the
                  | Orb.
     0 | D:1      | Reached XP level 1. HP: 13/13 MP: 3/3
   305 | D:1      | Reached XP level 2. HP: 18/18 MP: 5/5
   708 | D:2      | Found a faded altar of an unknown god.
   811 | D:2      | Noticed Jessica
   814 | D:2      | Noticed Natasha
   815 | D:2      | Reached XP level 3. HP: 20/23 MP: 6/6
   849 | D:2      | Killed from afar by Jessica

Illustrated notes

Levels and vault maps discovered:
D:1:      kennysheep_arrival_forest, layout_rooms,
          hangedman_abyss_or_decor_stabs
D:2:      layout_loops_ring, serial_bayou, serial_bayou_pond_e,
          serial_bayou_lagoon_a, serial_bayou_crossing, serial_bayou_shore_a,
          basic_altar, shapermc_ecumenical_altar_starsandcircs, uniq_jessica,
          uniq_natasha

Action                   || total
-------------------------++-------
Melee: Unarmed           ||    44
       Tentacles         ||    11
       Constrict         ||    11
       Kick              ||     4
       Punch             ||     1
 Cast: Beastly Appendage ||     6
 Stab: Sleeping          ||     6
Armor: Skin              ||     1
Dodge: Dodged            ||    27
